 Dungeon Sprint DCSS version 0.19.0-24-gb05acd6 (webtiles) character file.

274456 igo the Spry (level 12, 50/50 (51) HPs)
             Began as a Spriggan Enchanter on Nov 22, 2016.
             Was the Champion of Dithmenos.
             Escaped with the Orb!
             The game lasted 00:24:26 (3865 turns).

igo the Spry (Spriggan Enchanter)                   Turns: 3865, Time: 00:24:27

HP:   50/50 (51)    AC:  5    Str:  4    XL:     12   Next: 45%
MP:   30/30         EV: 34    Int: 24    God:    Dithmenos [******]
Gold: 120           SH:  0    Dex: 16    Spells: 3 memorised, 38 levels left

rFire  + . .     SeeInvis +     l - +2 dagger (distort)
rCold  . . .     Gourm    .     x - +2 robe {rN+}
rNeg   + . .     Faith    .     (shield restricted)
rPois  .         Spirit   .     (helmet restricted)
rElec  .         Reflect  .     w - +0 cloak
rCorr  .         Harm     .     (gloves unavailable)
MR     ++...     NoTele   +     (boots unavailable)
Stlth  +++++.....               (no amulet)
                                y - ring "Roamef" {rF+ Int+4}
                                t - ring of stealth

@: wreathed by umbra, very quick
A: unfitting armour, see invisible, clumsy 1, deterioration 1, herbivore 3,
speed 3, low mp 1, slow metabolism 2
a: Shadow Step, Shadow Form, Renounce Religion
0: Orb of Zot


You escaped.
You worshipped Dithmenos.
Dithmenos was exalted by your worship.
You were very hungry.

You visited 1 branch You collected 2239 gold pieces.
You spent 2119 gold pieces at shops.

Inventory:

Hand Weapons
 a - a +1 dagger
 k - a +0 blowgun
 l - a +2 dagger of distortion (weapon)
Missiles
 m - 4 curare-tipped needles
Armour
 b - a +1 robe
 r - the +2 leather armour of Shielding {rElec rPois, unknown}
   (You found it in the Dungeon)

   It insulates you from electricity.
   It protects you from poison.
 w - a +0 cloak (worn)
 x - a +2 robe of positive energy (worn)
Jewellery
 t - a ring of stealth (left hand)
 y - the ring "Roamef" (right hand) {rF+ Int+4}
   (You bought it in a shop in the Dungeon)

   [ring of protection from fire]

   It affects your intelligence (+4).
   It protects you from fire.
Wands
 o - a wand of slowing (35/48)
 p - a wand of teleportation (5/9)
 v - a wand of teleportation (3/9)
 C - a wand of digging (3/24)
Scrolls
 j - 4 scrolls of blinking
 u - a scroll of remove curse
 A - a scroll of enchant weapon {unknown}
 B - a scroll of amnesia {unknown}
Potions
 e - 5 potions of curing
 f - a potion of heal wounds
 g - a potion of haste
 h - 2 potions of magic
 i - a potion of lignification
 n - 2 potions of degeneration {unknown}
 q - a potion of cure mutation {unknown}
 D - a potion of flight
Books
 c - a book of Maledictions

   Spells                             Type                      Level
   a - Corona                         Hexes                        1
   b - Ensorcelled Hibernation        Hexes/Ice                    2
   c - Confuse                        Hexes                        3
   d - Tukima's Dance                 Hexes                        3
   e - Dazzling Spray                 Conjuration/Hexes            3
Miscellaneous
 s - a fan of gales
Comestibles
 d - 3 bread rations
 z - 3 fruits


   Skills:
 + Level 15.1 Short Blades
 + Level 18.9 Dodging
 - Level 15.9 Stealth
 + Level 16.5 Spellcasting
 + Level 16.6 Hexes
 + Level 12.6 Invocations


You had 38 spell levels left.
You knew the following spells:

 Your Spells              Type           Power        Failure   Level  Hunger
a - Corona                Hex            #######      0%          1    None
b - Ensorcelled Hibernat  Hex/Ice        ######       1%          2    None
c - Confuse               Hex            #######.     0%          3    None


Dungeon Overview and Level Annotations

Branches:
Dungeon (1/1)

Altars:
Cheibriados
Dithmenos
Elyvilon
Fedhas
Gozag
Hepliaklqana
Kikubaaqudgha
Makhleb
Nemelex Xobeh
Okawaru
Qazlal
Ru
Sif Muna
Trog
Uskayaw
Vehumet
Xom
Yredelemnul
Zin
The Shining One
Jiyva
Lugonu

Shops:
D ?([!*([?*(}%(}*=%=%[?

Annotations:
D exclusion: oklob plant, Tiamat


Innate Abilities, Weirdness & Mutations

You are very small and have problems with some larger weapons.
You are too small for most types of armour.
You have supernaturally acute eyesight. (SInv)
You are a herbivore.
You cover ground extremely quickly.
You need consume almost no food.
You are clumsy. (Dex -2)
Your body sometimes deteriorates upon taking damage.
Your magical capacity is low. (-10% MP)


Message History

There is an open door here.
You are starting to lose your buoyancy.
There is an open door, spattered with blood here.
Things that are here:
a robe; a dagger
There is an open door here.
You avoid triggering an arrow trap.
There is an arrow trap here.
There is an open door here.
You float gracefully downwards.
There is an open door here.
Things that are here:
a robe; a scythe
There is an open door here.
You see here a giant club.
There is an open door here.
You see here a dagger.
There is an open door here.
There is a staircase leading out of the dungeon here.
You have escaped!

##################
#@.#.)'..#.['..#__
#..'..#.)'..#..'^.
#..#####'#####'#__
#..####..#...#)###
#..#__####..##.#§§
#..#_____##'#..§§§
#⌠⌠#_.∩...'..._#§≈
####_..__##_.#'##'
#_____###'#)#))


There were no monsters in sight!

Vanquished Creatures
  3 fire giants (D)
  A deep elf annihilator (D)
  A mummy priest (D)
  A hydra (D)
  2 centaur warriors (D)
  Sonja (D)
  A deep troll (D)
  6 unseen horrors (D)
  A lindwurm (D)
  An oklob plant (D)
  6 shining eyes (D)
  2 sirens (D)
  A gargoyle (D)
  2 kobold demonologists (D)
  A hellwing (D)
  4 hornets (D)
  2 redbacks (D)
  Sigmund (D)
  8 hogs (D)
  A yak (D)
  6 floating eyes (D)
  An ogre (D)
  4 necrophages (D)
  7 jellies (D)
  Ijyb (D)
65 creatures vanquished.

Vanquished Creatures (others)
  A shining eye (D)
  2 demonic crawlers (D)
  A hornet (D)
  A slime creature (D)
  4 hogs (D)
  A floating eye (D)
  3 necrophages (D)
  A jelly (D)
  A ballistomycete (D)
  2 ballistomycete spores (D)
17 creatures vanquished.

Grand Total: 82 creatures vanquished

Notes
Turn   | Place    | Note
-------+----------+-------------------------------------------
     0 | D        | igo the Spriggan Enchanter began the quest for the Orb.
     0 | D        | Reached XP level 1. HP: 9/9 MP: 5/5
     1 | D        | Noticed Ijyb
     9 | D        | Killed Ijyb
     9 | D        | Reached skill level 5 in Dodging
     9 | D        | Reached skill level 5 in Hexes
     9 | D        | Reached XP level 2. HP: 13/13 MP: 6/8
    18 | D        | Learned a level 2 spell: Ensorcelled Hibernation
    25 | D        | Noticed an ogre
    28 | D        | Killed an ogre
    28 | D        | Reached skill level 6 in Dodging
    28 | D        | Reached skill level 5 in Spellcasting
    28 | D        | Reached XP level 3. HP: 16/16 MP: 9/11
    28 | D        | Reached XP level 4. HP: 21/21 MP: 9/12
    41 | D        | Noticed Sigmund
    44 | D        | Killed Sigmund
    44 | D        | Reached skill level 8 in Dodging
    44 | D        | Reached XP level 5. HP: 24/24 MP: 11/15
    73 | D        | Found a deep blue altar of Sif Muna.
    75 | D        | Found a radiant altar of Vehumet.
    79 | D        | Reached XP level 6. HP: 28/28 MP: 15/17
    98 | D        | Found Pafefekh's Distillery.
    98 | D        | Found an ancient bone altar of Kikubaaqudgha.
    98 | D        | Found a hazy altar of Hepliaklqana.
    98 | D        | Found a hide-covered altar of Uskayaw.
    98 | D        | Found a basalt altar of Yredelemnul.
    98 | D        | Found an opulent altar of Gozag.
    98 | D        | Found a snail-covered altar of Cheibriados.
    98 | D        | Found a sacrificial altar of Ru.
    98 | D        | Found a shadowy altar of Dithmenos.
    98 | D        | Noticed a yak
    99 | D        | Found a stormy altar of Qazlal.
    99 | D        | Found a blossoming altar of Fedhas.
    99 | D        | Found a bloodstained altar of Trog.
    99 | D        | Found an iron altar of Okawaru.
    99 | D        | Found a glowing golden altar of the Shining One.
    99 | D        | Found a glowing silver altar of Zin.
    99 | D        | Found a white marble altar of Elyvilon.
   100 | D        | Killed a yak
   100 | D        | Reached skill level 9 in Dodging
   100 | D        | Reached skill level 10 in Stealth
   101 | D        | Found a sparkling altar of Nemelex Xobeh.
   118 | D        | Became a worshipper of Dithmenos the Shadowed
   125 | D        | Bought a potion of lignification for 36 gold pieces
   125 | D        | Bought a potion of curing for 36 gold pieces
   125 | D        | Bought a potion of curing for 36 gold pieces
   130 | D        | Noticed Sonja
   137 | D        | Killed Sonja
   137 | D        | Reached skill level 11 in Dodging
   137 | D        | Reached XP level 7. HP: 22/32 MP: 17/21
   240 | D        | Found Ovvobra's Magic Scroll Boutique.
   267 | D        | Found a viscous altar of Jiyva.
   267 | D        | Found a corrupted altar of Lugonu.
   267 | D        | Noticed a slime creature
   268 | D        | Found a burning altar of Makhleb.
   268 | D        | Found a shimmering altar of Xom.
   523 | D        | Noticed a kobold demonologist
   524 | D        | Noticed a kobold demonologist
   528 | D        | Reached skill level 10 in Hexes
   528 | D        | Reached XP level 8. HP: 36/36 MP: 15/22
   531 | D        | Killed a kobold demonologist
   531 | D        | Reached * piety under Dithmenos
   531 | D        | Reached skill level 10 in Spellcasting
   541 | D        | Killed a kobold demonologist
   541 | D        | Reached skill level 12 in Dodging
   541 | D        | Reached skill level 5 in Invocations
   621 | D        | Noticed a demonic crawler
   621 | D        | Noticed a demonic crawler
   621 | D        | Noticed a demonic crawler
   621 | D        | Noticed a demonic crawler
   647 | D        | Banished a demonic crawler
   980 | D        | Killed a slime creature
  1027 | D        | Noticed a deep troll
  1049 | D        | Learned a level 3 spell: Confuse
  1065 | D        | Killed a deep troll
  1065 | D        | Reached XP level 9. HP: 39/39 MP: 6/25
  1181 | D        | Found Cahawex's Armour Emporium.
  1201 | D        | Noticed a centaur warrior
  1201 | D        | Noticed a centaur warrior
  1204 | D        | Killed a centaur warrior
  1204 | D        | Reached ** piety under Dithmenos
  1204 | D        | Reached skill level 10 in Short Blades
  1204 | D        | Reached skill level 13 in Dodging
  1205 | D        | Killed a centaur warrior
  1230 | D        | Noticed an oklob plant
  1232 | D        | Killed an oklob plant
  1232 | D        | Reached skill level 14 in Dodging
  1232 | D        | Reached XP level 10. HP: 44/44 MP: 27/27
  1240 | D        | Reached *** piety under Dithmenos
  1240 | D        | Reached skill level 15 in Stealth
  1256 | D        | Noticed an unseen horror
  1258 | D        | Noticed an unseen horror
  1268 | D        | Killed an unseen horror
  1350 | D        | Reached **** piety under Dithmenos
  1381 | D        | Reached ***** piety under Dithmenos
  1620 | D        | Got a crude leather armour
  1636 | D        | Found Uziaforr's Magic Scroll Shoppe.
  1636 | D        | Found Kuykewky's Antique Armour Shop.
  1636 | D        | Found Femecau's General Store.
  1638 | D        | Found Ruecoich's Weapon Emporium.
  1638 | D        | Found Ynyixan's Gadget Shop.
  1638 | D        | Found Reakukhliown's Food Shoppe.
  1638 | D        | Found Pany's Weapon Boutique.
  1638 | D        | Found Ruxoetaf's Gadget Emporium.
  1638 | D        | Found Esosch's Assorted Antiques.
  1638 | D        | Found Bianill's Jewellery Shoppe.
  1642 | D        | Found Oddel's Food Boutique.
  1643 | D        | Found Ubafe's Food Emporium.
  1643 | D        | Found Anubobaono's Jewellery Boutique.
  1644 | D        | Found Zuogh's Magic Scroll Emporium.
  1693 | D        | Killed an unseen horror
  1716 | D        | Bought 3 scrolls of blinking for 292 gold pieces
  1719 | D        | Bought an uncursed ring of stealth for 245 gold pieces
  1723 | D        | Bought a scroll of remove curse for 39 gold pieces
  1732 | D        | Bought a scroll of remove curse for 39 gold pieces
  1741 | D        | Bought a wand of teleportation (5/9) for 351 gold pieces
  1745 | D        | Bought a wand of teleportation (3/9) for 294 gold pieces
  1749 | D        | Bought a cloak for 139 gold pieces
  1749 | D        | Bought a glowing robe for 207 gold pieces
  1877 | D        | Noticed a shining eye
  1877 | D        | Noticed a shining eye
  1877 | D        | Noticed a shining eye
  1878 | D        | Noticed a shining eye
  1878 | D        | Noticed a shining eye
  1878 | D        | Noticed a shining eye
  1879 | D        | Noticed a shining eye
  1879 | D        | Noticed a shining eye
  1880 | D        | Killed a shining eye
  1880 | D        | Reached skill level 15 in Dodging
  1886 | D        | Paralysed by a floating eye for 3 turns
  1890 | D        | Killed a shining eye
  1890 | D        | Gained mutation: Your body sometimes deteriorates upon taking damage. [a shining eye]
  1892 | D        | Banished a shining eye
  1894 | D        | Gained mutation: Your magical capacity is low. (-10% MP) [a shining eye]
  1898 | D        | Killed a shining eye
  1898 | D        | Reached XP level 11. HP: 46/46 MP: 26/26
  1907 | D        | Killed a shining eye
  1907 | D        | Reached ****** piety under Dithmenos
  1911 | D        | Paralysed by a floating eye for 3 turns
  1925 | D        | Gained mutation: You are clumsy. (Dex -2) [a shining eye]
  1929 | D        | Killed a shining eye
  1929 | D        | Reached skill level 16 in Dodging
  1938 | D        | Killed a shining eye
  1938 | D        | Reached skill level 10 in Invocations
  1944 | D        | Found Ufulosae's Assorted Antiques.
  1944 | D        | Found Lisku's Antique Weapon Shoppe.
  1944 | D        | Found Hubups's Antique Weapon Boutique.
  1944 | D        | Found Reluc's Antique Armour Emporium.
  1967 | D        | Bought a slimy wooden ring for 125 gold pieces
  1967 | D        | Identified the ring "Roamef" {rF+ Int+4} (You bought it in a shop in the Dungeon)
  2020 | D        | Noticed a lindwurm
  2022 | D        | Killed a lindwurm
  2167 | D        | Noticed a 12-headed hydra
  2169 | D        | Killed a 12-headed hydra
  2178 | D        | Noticed a deep elf annihilator
  2303 | D        | Noticed a mummy priest
  2312 | D        | Killed a deep elf annihilator
  2312 | D        | Reached skill level 17 in Dodging
  2312 | D        | Reached skill level 15 in Hexes
  2323 | D        | Reached skill level 15 in Spellcasting
  2573 | D        | Noticed a shadow wraith
  2881 | D        | Killed a mummy priest
  3008 | D        | Noticed an oklob plant
  3239 | D        | Noticed a daeva
  3243 | D        | Noticed an unseen horror
  3243 | D        | Noticed an unseen horror
  3243 | D        | Noticed an unseen horror
  3243 | D        | Noticed an unseen horror
  3245 | D        | Killed an unseen horror
  3246 | D        | Noticed an unseen horror
  3247 | D        | Killed an unseen horror
  3248 | D        | Killed an unseen horror
  3248 | D        | Reached skill level 18 in Dodging
  3248 | D        | Reached XP level 12. HP: 39/50 MP: 29/29
  3326 | D        | Noticed a fire giant
  3329 | D        | Noticed a fire giant
  3330 | D        | Noticed a fire giant
  3331 | D        | Noticed a fire giant
  3333 | D        | Killed a fire giant
  3392 | D        | Killed a fire giant
  3425 | D        | Killed a fire giant
  3425 | D        | Reached skill level 15 in Short Blades
  3563 | D        | Noticed Tiamat
  3663 | D        | Bought a wand of digging (4/24) for 208 gold pieces
  3704 | D        | Bought a potion of flight for 36 gold pieces
  3704 | D        | Bought a potion of flight for 36 gold pieces
  3796 | D        | Got the Orb of Zot
  3865 | D        | Escaped with the Orb!

Skill      XL: |  1  2  3  4  5  6  7  8  9 10 11 12 |
---------------+-------------------------------------+-----
Short Blades   | 3 4 6 8 9 11 12 14 15 | 15.1
Dodging        | 5 6 8 11 12 14 15 18 | 18.9
Spellcasting   | 4 5 7 9 11 12 13 15 16 | 16.5
Hexes          | 5 6 7 9 10 11 12 13 15 16 | 16.6
Stealth        | 6 8 9 11 13 14 15 | 15.9
Invocations    | 3 4 6 7 9 11 12 | 12.6

Action                   |  1- 3 |  4- 6 |  7- 9 | 10-12 || total
-------------------------+-------+-------+-------+-------++-------
Melee: Dagger            |     6 |     6 |    50 |   245 ||   307
 Cast: Ensorcelled Hiber |       |     1 |    19 |     1 ||    21
       Confuse           |       |       |     5 |    46 ||    51
Evoke: Fan of gales      |       |       |       |     1 ||     1
       Wand              |       |       |       |     1 ||     1
  Use: Potion            |     1 |       |       |     1 ||     2
       Scroll            |       |       |       |     2 ||     2
 Stab: Sleeping          |     1 |     4 |     7 |    22 ||    34
       Confused          |       |       |     1 |    11 ||    12
       Distracted        |       |       |       |     1 ||     1
Armor: Robe              |     1 |       |     1 |     1 ||     3
Dodge: Dodged            |     4 |     7 |    46 |   127 ||   184
